[Event "Early-Titled-Tuesday-Blitz-May-07-2024"]
[Site "Chess.com"]
[Date "2024.05.07"]
[Round "9"]
[White "Irishchessman16"]
[Black "ilqar_74"]
[Result "0-1"]
[WhiteElo "2571"]
[BlackElo "2829"]
[TimeControl "180+1"]
[EndTime "9:52:13 PDT"]
[Termination "ilqar_74 won by resignation"]

1. e4 c5 2. Nf3 d6 3. Bb5+ Nd7 4. Ba4 Nf6 5. O-O a6 6. d3 Qc7 7. Bb3 e6 8. Ng5 h6 9. Nh3 b5 10. Nd2 Bb7 11. Nf4 d5 12. exd5 exd5 13. Nf3 c4 14.
Nd4 Bd6 15. Re1+ Ne5 16. Nf5 O-O-O 17. Nxd6+ Qxd6 18. c3 cxb3 19. axb3 g5 20. Ne2 Rhe8 21. h3 d4 22. Nxd4 Qd5 23. f3 Nc6 24. Be3 Rxe3 25. Rxe3 Nxd4 26. cxd4 Qxd4 27. Qc1+ Kb8 28. Kh1 Nh5 29.
Qe1 f5 30. Re7 Qd6 31. Qe6 Ng3+ 32. Kh2 Qxe6 33. Rxe6 f4 34. Rxh6 Rxd3 35. Re1 Rd2 36. Re8+ Ka7 37. Re7 Rd1 0-1

[Event "Early-Titled-Tuesday-Blitz-May-07-2024"]
[Site "Chess.com"]
[Date "2024.05.07"]
[Round "9"]
[White "AlexanderKing"]
[Black "CruzWilliam"]
[Result "0-1"]
[WhiteElo "2556"]
[BlackElo "2419"]
[TimeControl "180+1"]
[EndTime "9:52:13 PDT"]
[Termination "CruzWilliam won by checkmate"]

1. g3 Nf6 2. Bg2 g6 3. c4 Bg7 4. Nc3 O-O 5. e4 d6 6. Nge2 c5 7. O-O Nc6 8. d3 Ne8 9. Be3 Nd4 10. Rb1 a5 11. a3 Nc7 12. b4 axb4 13. axb4 Nce6 14. bxc5 dxc5 15. Nd5 Nxe2+ 16. Qxe2 Nd4 17. Bxd4 Bxd4 18. e5 Be6 19. Rxb7 Bxd5 20. Bxd5 e6 21. Bg2 Ra3 22. h4 h5 23. Kh2 Qa5 24.
Be4 Kg7 25. Kg2 Ra2 26. Qf3 Bxe5 27. g4 Rb2 28. Rxb2 Bxb2 29. gxh5 gxh5 30. Qxh5 Rh8 31. Qg5+ Kf8 32. Rb1 Rg8 33. Rxb2 Rxg5+ 34. hxg5 Qc3 35. Rb8+ Kg7 36. g6 f5 37. Bf3 Kxg6 38. Rb6 Kf7 39. Rc6 Qd4 40. Rc7+ Kf6 41. Kf1 Qxd3+ 42. Be2 Qd4 43. Rc6 Ke5 44. Rc8 Qe4 45. Rc6 Qh1# 0-1

[Event "Early-Titled-Tuesday-Blitz-May-07-2024"]
[Site "Chess.com"]
[Date "2024.05.07"]
[Round "9"]
[White "DvaHrasta"]
[Black "vladgoncharov"]
[Result "0-1"]
[WhiteElo "2460"]
[BlackElo "2588"]
[TimeControl "180+1"]
[EndTime "9:52:14 PDT"]
[Termination "vladgoncharov won on time"]

1. c4 e6 2. g3 d5 3. d4 dxc4 4. Bg2 Nc6 5. Nf3 a6 6. O-O Nf6 7. a4 Rb8 8. a5 b5 9. Nc3 Bb7 10.
e4 Nb4 11. Bg5 Be7 12. e5 Nfd5 13. Ne4 Bxg5 14. Nfxg5 h6 15. Nh3 Nd3 16. Qe2 N5b4 17. Qg4 Kf8 18. Nc3 h5 19. Qe2 Bxg2 20. Kxg2 Qxd4 21. f4 Nd5 22. Rf3 Nxc3 23. bxc3 Qxc3 24. Raf1 g6 25. Ng5 Kg7 26. Qe3 Rbd8 27. Qa7 Qd4 28. Qxa6 Qd5 29. Qa7 Rd7 30. Qe3 Ra8 31. Ne4 Qd4 32. Qe2 Qb2 33. Nd2 Nxf4+ 34. Rxf4 Rxd2 35. Rxf7+ Kg8 36. Qxd2 Qxd2+ 37. Kh3 Qd5 38. Rxc7 Qxe5 39. Rff7 Rf8 40. Rfd7 g5 0-1

[Event "Early-Titled-Tuesday-Blitz-May-07-2024"]
[Site "Chess.com"]
[Date "2024.05.07"]
[Round "9"]
[White "Zhigalko_Sergei"]
[Black "DanielNaroditsky"]
[Result "0-1"]
[WhiteElo "2875"]
[BlackElo "3065"]
[TimeControl "180+1"]
[EndTime "9:52:15 PDT"]
[Termination "DanielNaroditsky won on time"]

1. e4 c5 2. Nf3 d6 3. d4 cxd4 4. Qxd4 Nf6 5. Nc3 Nc6 6. Bb5 Bd7 7. Bxc6 Bxc6 8. Bg5 e6 9. O-O-O Be7 10. Rhe1 Qa5 11. Kb1 Rc8 12. Qd2 b5 13. e5 b4 14. exf6 bxc3 15. Qf4 Rb8 16. b3 Qa3 17. Qc1 Qxc1+ 18. Bxc1 gxf6 19. Re3 e5 20. Rxc3 Kd7 21. Re3 Rhg8 22. g3 a5 23. Nh4 Ke6 24. f4 a4 25.
Bb2 Rgc8 26. Rf1 Bb5 27. Rf2 axb3 28. axb3 Bc6 29. g4 Rg8 30. h3 h5 31. gxh5 Rg1+ 32.
Bc1 f5 33. Nf3 Bxf3 34. Rfxf3 e4 35. Rg3 Rh1 36. Rc3 d5 37. Rc6+ Kd7 38. Ra6 Bc5 39.
h6 e3 40. h7 e2 41. Re3 Bxe3 0-1

[Event "Early-Titled-Tuesday-Blitz-May-07-2024"]
[Site "Chess.com"]
[Date "2024.05.07"]
[Round "9"]
[White "Triumphmate"]
[Black "Caroexpert"]
[Result "0-1"]
[WhiteElo "2459"]
[BlackElo "2681"]
[TimeControl "180+1"]
[EndTime "9:52:15 PDT"]
[Termination "Caroexpert won by checkmate"]

1. e4 c6 2. d4 d5 3. exd5 cxd5 4.
Bd3 Nf6 5. Nf3 Bg4 6. O-O Nc6 7. c3 e6 8. Be3 Bd6 9. Nbd2 O-O 10.
Qc2 Bh5 11. Rae1 Rc8 12. Qb1 Bg6 13. Bg5 Qc7 14. Re2 Nh5 15. Bxg6 hxg6 16. Rfe1 b5 17.
Qd3 Na5 18. Nf1 b4 19. Ng3 Nxg3 20. hxg3 bxc3 21. bxc3 Qxc3 22. Qa6 Nc4 23. Qxa7 Rc7 24. Qa6 Qa5 25. Qxa5 Nxa5 26. Bf4 Nc4 27. Rc1 Ra7 28. Bxd6 Nxd6 29. Rc6 Ne4 30. Rb2 Rfa8 31. Ne5 g5 32. Rcc2 f6 33. Nd3 Ra4 34. Nc5 Rxd4 35. Nxe6 Rd1+ 36.
Kh2 Kf7 37. Nc5 Rh8# 0-1

[Event "Early-Titled-Tuesday-Blitz-May-07-2024"]
[Site "Chess.com"]
[Date "2024.05.07"]
[Round "9"]
[White "rookpower2004"]
[Black "talaicito"]
[Result "1-0"]
[WhiteElo "2532"]
[BlackElo "2375"]
[TimeControl "180+1"]
[EndTime "9:52:16 PDT"]
[Termination "rookpower2004 won on time"]

1. e4 c5 2. Nf3 d6 3. d4 cxd4 4. Nxd4 Nf6 5. Nc3 g6 6. f4 Nbd7 7. Nf3 Bg7 8. Bd3 O-O 9. O-O Nc5 10. Kh1 Bg4 11. Qe1 Rc8 12. Qh4 Qa5 13. e5 Bxf3 14. Rxf3 Nfd7 15. Rh3 h6 16. Nd5 Nxd3 17. Nxe7+ Kh7 18.
Nxc8 Nxc1 19. Nxd6 Qd2 20. g4 Nxe5 21. fxe5 Bxe5 22. Ne4 Qd1+ 23. Kg2 Qxc2+ 24. Nf2 Rd8 25. Qxh6+ Kg8 26. Qxc1 Qa4 27. Qe1 1-0

[Event "Early-Titled-Tuesday-Blitz-May-07-2024"]
[Site "Chess.com"]
[Date "2024.05.07"]
[Round "9"]
[White "KuzubovYuriy"]
[Black "GMSrinath"]
[Result "0-1"]
[WhiteElo "2952"]
[BlackElo "2850"]
[TimeControl "180+1"]
[EndTime "9:52:17 PDT"]
[Termination "GMSrinath won on time"]

1. d4 d5 2. c4 dxc4 3. Nf3 Nf6 4.
e3 e6 5. Bxc4 c5 6. O-O a6 7. a4 cxd4 8. Nxd4 Be7 9. b3 O-O 10.
Bb2 Bd7 11. Nd2 Nc6 12. N4f3 Nb4 13. Qe2 Bc6 14. Rfd1 Qa5 15. Ne5 Bd5 16. e4 Bxc4 17.
Nexc4 Qh5 18. Qxh5 Nxh5 19. Be5 Nd3 20. Bd6 Bxd6 21.
Nxd6 Nhf4 22. N2c4 Nb4 23. Kf1 Rab8 24. Nb6 Rfd8 25. e5 Nfd3 26. Ndc4 g5 27. Rd2 Nc5 28. Rad1 Rxd2 29. Rxd2 Nc6 30. Rd7 Nxb3 31. g3 Nc5 0-1

[Event "Early-Titled-Tuesday-Blitz-May-07-2024"]
[Site "Chess.com"]
[Date "2024.05.07"]
[Round "9"]
[White "Naruto75_3"]
[Black "th3d4rkness"]
[Result "1-0"]
[WhiteElo "2417"]
[BlackElo "2219"]
[TimeControl "180+1"]
[EndTime "9:52:18 PDT"]
[Termination "Naruto75_3 won by resignation"]

1. d4 Nf6 2. c4 e6 3. Nc3 Bb4 4. Qc2 c5 5. dxc5 Bxc5 6. Bf4 a6 7. e3 O-O 8. Bd3 Nc6 9. a3 d5 10. Nf3 dxc4 11. Bxc4 b5 12. Bd3 Be7 13. Rd1 Qb6 14.
O-O Bb7 15. e4 h6 16. e5 Nh5 17. Be3 Qc7 18. Be4 Bg5 19. Ne2 Bxe3 20. fxe3 Rac8 21. Rd6 Ne7 22. Qxc7 Rxc7 23. Bxb7 Rxb7 24. g4 Rc8 25. gxh5 Nf5 26. Rd3 Rc2 27. Ned4 Rxb2 28. Nxf5 exf5 29. Rd2 Rb3 30. Re2 Rxa3 31. Nd4 g6 32. hxg6 fxg6 33. e6 Re7 34. Rc1 b4 35. Kf2 a5 36. Rec2 b3 37.
Rc8+ Kg7 38. R1c7 Kf6 39. Rxe7 Ra2+ 40. Kf3 Kxe7 41. Rc7+ Kf6 42. e7 b2 43. e8=Q 1-0

[Event "Early-Titled-Tuesday-Blitz-May-07-2024"]
[Site "Chess.com"]
[Date "2024.05.07"]
[Round "9"]
[White "TigrVShlyape"]
[Black "Hikaru"]
[Result "1/2-1/2"]
[WhiteElo "2947"]
[BlackElo "3224"]
[TimeControl "180+1"]
[EndTime "9:52:19 PDT"]
[Termination "Game drawn by repetition"]

1. e4 a6 2. d4 e6 3. Nf3 d5 4.
Nc3 Nf6 5. e5 Nfd7 6. Ne2 c5 7.
c3 Nc6 8. a3 a5 9. Nf4 b6 10. h4 Ba6 11. Bxa6 Rxa6 12. Ng5 Qe7 13. Be3 a4 14. Qd3 Ra5 15. Nxh7 g6 16. Nxf8 Nxf8 17. h5 Nd7 18. Rh3 gxh5 19. Nxh5 Kd8 20. Ke2 Kc7 21. Rah1 Raa8 22. Nf4 Rxh3 23. Rxh3 Na5 24. Rh7 Nc4 25.
Bc1 Rg8 26. Qf3 Kc8 27. Nd3 cxd4 28. cxd4 Nb8 29. Rxf7 Qe8 30. Nb4 Nc6 31. Nxc6 Qxc6 32.
Rf8+ Rxf8 33. Qxf8+ Kb7 34. Qh6 Na5 35. Qh7+ Kb8 36.
Be3 Qb5+ 37. Kf3 Qxb2 38. g4 Qxa3 39. Qf7 Nc6 40. g5 Nxd4+ 41. Kg4 Qd3 42. Bxd4 Qxd4+ 43. f4 Qd1+ 44. Kh4 Qh1+ 45. Kg4 Qd1+ 46. Kh4 Qh1+ 47.
Kg4 Qd1+ 1/2-1/2

[Event "Early-Titled-Tuesday-Blitz-May-07-2024"]
[Site "Chess.com"]
[Date "2024.05.07"]
[Round "9"]
[White "zajka-molotok"]
[Black "Shield12"]
[Result "1-0"]
[WhiteElo "2547"]
[BlackElo "2950"]
[TimeControl "180+1"]
[EndTime "9:52:21 PDT"]
[Termination "zajka-molotok won on time"]

1. b3 d5 2. Bb2 Bf5 3. e3 e6 4.
Nf3 h6 5. Be2 Nf6 6. O-O Bd6 7.
d4 O-O 8. c4 c6 9. Nc3 Nbd7 10.
Bd3 Bg4 11. h3 Bh5 12. Be2 Qe7 13. Qc2 Rfe8 14. Rad1 a6 15. Rfe1 Rad8 16. e4 dxe4 17. Nxe4 Nxe4 18. Qxe4 Bg6 19. Qe3 Ba3 20. Ba1 Bc2 21.
Rd2 Bg6 22. Red1 Bb4 23. Bc3 Bd6 24. Ne5 Nxe5 25. dxe5 Bc5 26. Qf4 Rxd2 27. Rxd2 Rd8 28. b4 Bb6 29. c5 Bc7 30. g3 Rxd2 31. Qxd2 Qd8 32. Qxd8+ Bxd8 33. f4 Be4 34. Kf2 Bd5 35. a3 g5 36. a4 Bb3 37. b5 a5 38. b6 Be7 39. Bd4 Bd8 40. Bc3 Be7 41. Bd4 1-0

[Event "Early-Titled-Tuesday-Blitz-May-07-2024"]
[Site "Chess.com"]
[Date "2024.05.07"]
[Round "9"]
[White "HeroWilczek"]
[Black "willyam13"]
[Result "0-1"]
[WhiteElo "2562"]
[BlackElo "2469"]
[TimeControl "180+1"]
[EndTime "9:52:21 PDT"]
[Termination "willyam13 won by checkmate"]

1. e4 e5 2. Nf3 Nc6 3. Bc4 Bc5 4. c3 Nf6 5. d4 exd4 6. e5 d5 7. Bb5 Ne4 8. cxd4 Bb6 9. Nc3 O-O 10. Be3 Bg4 11. h3 Bh5 12. Qc2 Bg6 13. Qb3 Ne7 14. O-O c6 15. Be2 Nf5 16. Rfd1 Nxe3 17. fxe3 f6 18. Bd3 Kh8 19. Nh4 Bh5 20. Nxe4 dxe4 21. Bxe4 fxe5 22. Nf3 exd4 23. exd4 Bxf3 24. Bxf3 Bxd4+ 25. Kh1 Qf6 26. Rac1 Rab8 27. Rc4 c5 28. a4 b6 29. Qc2 Rbe8 30. b4 Re3 31. Bg4 Rfe8 32. Qd2 Qf4 33. Rcc1 Qg3 34. Rf1 Be5 35. Rf3 Qh2# 0-1

[Event "Early-Titled-Tuesday-Blitz-May-07-2024"]
[Site "Chess.com"]
[Date "2024.05.07"]
[Round "9"]
[White "Senn71"]
[Black "DACF2905"]
[Result "0-1"]
[WhiteElo "2237"]
[BlackElo "2434"]
[TimeControl "180+1"]
[EndTime "9:52:21 PDT"]
[Termination "DACF2905 won on time"]

1. e4 e6 2. d4 d5 3. Nc3 Bb4 4. e5 c5 5. a3 Bxc3+ 6. bxc3 Qc7 7. a4 Nc6 8. Nf3 Nge7 9. Be2 b6 10. O-O O-O 11.
Bd3 c4 12. Bxh7+ Kxh7 13. Ng5+ Kg6 14. Qg4 f5 15. Qh4 Nxe5 16. dxe5 Qxe5 17. Ba3 Re8 18. Rae1 Qxc3 19. Bd6 Nc6 20. f4 Bd7 21. Qh7+ Kf6 22.
Be5+ Nxe5 23. fxe5+ Ke7 24. Qxg7+ Kd8 25. Nf7+ Kc7 26.
Nd6 a6 27. Nxe8+ Rxe8 28. h4 Qb4 29. h5 Re7 30. Qg8 Re8 31. Qg6 Qe7 32. Rf3 Bxa4 33. c3 Qc5+ 34. Kh1 Qf8 35. Rg3 Qh8 36. Qg7+ Bd7 37.
h6 a5 38. h7 a4 0-1

[Event "Early-Titled-Tuesday-Blitz-May-07-2024"]
[Site "Chess.com"]
[Date "2024.05.07"]
[Round "9"]
[White "Guldona_2007"]
[Black "Aleksandar-Topalov"]
[Result "0-1"]
[WhiteElo "2184"]
[BlackElo "2403"]
[TimeControl "180+1"]
[EndTime "9:52:23 PDT"]
[Termination "Aleksandar-Topalov won on time"]

1. e4 e6 2. d4 d5 3. Nd2 Nf6 4.
e5 Ng8 5. Bd3 Ne7 6. c3 Qd7 7. Ne2 b6 8. Nf3 Ba6 9. O-O Bxd3 10.
Qxd3 c5 11. Be3 Nf5 12. Nd2 Nc6 13. Nf4 Be7 14. Rac1 O-O 15. Nf3 Rac8 16. g4 Nxe3 17. fxe3 f6 18. exf6 Bxf6 19. g5 Be7 20. h4 cxd4 21.
cxd4 Bd6 22. Ne2 e5 23. dxe5 Bxe5 24. Nxe5 Nxe5 25. Rxc8 Rxc8 26. Qd4 Qe6 27. Qf4 Ng4 28. Nd4 Qxe3+ 29. Qxe3 Nxe3 30. Re1 Nc4 31. b3 Nd2 32. Rd1 Ne4 33. Nf5 Rc2 34. Rxd5 Rxa2 0-1

[Event "Early-Titled-Tuesday-Blitz-May-07-2024"]
[Site "Chess.com"]
[Date "2024.05.07"]
[Round "9"]
[White "GrotBchess"]
[Black "Goryachkina"]
[Result "1/2-1/2"]
[WhiteElo "2510"]
[BlackElo "2701"]
[TimeControl "180+1"]
[EndTime "9:52:24 PDT"]
[Termination "Game drawn by repetition"]

1. e4 c5 2. Nf3 Nc6 3. d4 cxd4 4. Nxd4 Nf6 5. Nc3 e5 6. Ndb5 d6 7. Bg5 a6 8. Na3 b5 9. Bxf6 gxf6 10. Nd5 Bg7 11. c3 O-O 12. g3 f5 13. Bg2 fxe4 14. Bxe4 f5 15. Bg2 Ra7 16. Nc2 Kh8 17. a4 Raf7 18.
axb5 axb5 19. Ra8 f4 20. O-O f3 21. Bh3 Bxh3 22. Rxd8 Nxd8 23. Re1 Ne6 24. Nce3 Ng5 25. Nb4 Bg2 26. Nxg2 fxg2 27. Re2 e4 28. Kxg2 Be5 29. Nc6 Rf3 30. Nxe5 dxe5 31. Qd6 R8f5 32. Qb8+ Kg7 33. Qxb5 Rd3 34. Qb7+ Rf7 35. Qb8 Rf5 36. Qe8 Rd1 37.
Qe7+ Kg6 38. Qe8+ Kg7 39. Qe7+ Kg6 40. Qe8+ Kg7 1/2-1/2

[Event "Early-Titled-Tuesday-Blitz-May-07-2024"]
[Site "Chess.com"]
[Date "2024.05.07"]
[Round "9"]
[White "WiseKing_08"]
[Black "LeoLV10"]
[Result "0-1"]
[WhiteElo "2585"]
[BlackElo "2502"]
[TimeControl "180+1"]
[EndTime "9:52:24 PDT"]
[Termination "LeoLV10 won by resignation"]

1. e4 c6 2. Nf3 d5 3. d3 dxe4 4. dxe4 Qxd1+ 5. Kxd1 Nf6 6. Nfd2 Ng4 7. Ke1 Nd7 8. Nc4 g6 9. f3 Nge5 10. Be3 Nxc4 11.
Bxc4 Bg7 12. c3 Ne5 13. Be2 Be6 14. Nd2 O-O 15. Kd1 Rfd8 16. Kc2 b6 17. Rad1 c5 18. h3 h5 19. f4 Nc6 20. g4 hxg4 21. hxg4 Rac8 22.
f5 Bd7 23. Ba6 Ra8 24. Nf3 Ne5 25. Nxe5 Bxe5 26. Bc4 Bc6 27. Bd5 Bxd5 28. exd5 Rac8 29. c4 a6 30. a4 Rd6 31. b3 Kf8 32. Bf4 Bxf4 33.
Rh8+ Kg7 34. Rxc8 gxf5 35. gxf5 Kf6 36. a5 bxa5 37. Rxc5 Kxf5 38. Rxa5 Rb6 39. c5 Rb8 40. Rf1 e5 41. dxe6 fxe6 42. c6+ e5 43. Rc5 Rc8 44. Rd1 Ke6 45. Rd7 Be3 46. Rdd5 Bxc5 47. Rxc5 Kd6 48. Rc4 Rxc6 49. Rxc6+ Kxc6 50. Kd3 Kd5 51.
Ke3 a5 52. Kd3 e4+ 53. Ke3 Ke5 54. Ke2 Kd4 55. Kd2 e3+ 56. Ke2 Ke4 57. Ke1 Kd3 58. Kd1 Kc3 59. Ke2 Kxb3 60. Kxe3 a4 61. Kd2 Kb2 62.
Kd1 a3 0-1

[Event "Early-Titled-Tuesday-Blitz-May-07-2024"]
[Site "Chess.com"]
[Date "2024.05.07"]
[Round "9"]
[White "AttilaTurzo"]
[Black "Burgsvik"]
[Result "1-0"]
[WhiteElo "2467"]
[BlackElo "2325"]
[TimeControl "180+1"]
[EndTime "9:52:24 PDT"]
[Termination "AttilaTurzo won by checkmate"]

1. e4 c5 2. Nf3 Nc6 3. d4 cxd4 4. Nxd4 Nf6 5. Nc3 e5 6. Ndb5 d6 7. Bg5 a6 8. Na3 b5 9. Bxf6 gxf6 10. Nd5 Bg7 11.
Bd3 Ne7 12. Nxe7 Qxe7 13. c3 Qb7 14. Nc2 f5 15. Qe2 fxe4 16. Bxe4 d5 17. Bd3 e4 18. Nd4 Be6 19. Bc2 Bxd4 20. cxd4 Rc8 21. Bb3 Qb6 22. Qd2 Rg8 23. O-O Bh3 24. g3 Qf6 25. Bxd5 Qf3 26. Bxe4 Qxe4 27. Rfe1 Qxe1+ 28. Rxe1+ Kd8 29. Rc1 Rxc1+ 30. Qxc1 Re8 31. Qd2 f5 32. f3 Kd7 33.
Kf2 Rc8 34. Ke3 h6 35. Kf4 Rc4 36. b3 Rc6 37. d5 Rc5 38. Ke5 h5 39. Qh6 Rc2 40.
Qg7+ Kc8 41. Kd6 Bg2 42. Qa7 Bxf3 43. Qa8# 1-0

[Event "Early-Titled-Tuesday-Blitz-May-07-2024"]
[Site "Chess.com"]
[Date "2024.05.07"]
[Round "9"]
[White "pirulillo"]
[Black "MarkusRagger"]
[Result "1-0"]
[WhiteElo "2431"]
[BlackElo "2785"]
[TimeControl "180+1"]
[EndTime "9:52:25 PDT"]
[Termination "pirulillo won by resignation"]

1. e4 e5 2. Bc4 Nf6 3. d3 Nc6 4. Nf3 d5 5. exd5 Nxd5 6. h3 Nb6 7. Bb3 Be7 8. O-O O-O 9. Re1 Bf6 10. Nbd2 a5 11. a3 a4 12. Ba2 Bf5 13. Ne4 Re8 14. Bd2 Bxe4 15. dxe4 Qd6 16. Qe2 Rad8 17. Rad1 Qc5 18.
c3 Na5 19. Be3 Qc6 20. Bxb6 Qxb6 21. Rxd8 Rxd8 22. Rd1 c6 23. Rd2 g6 24. Qd1 Rxd2 25. Qxd2 Qc7 26. Nh2 h5 27. Qh6 Bg7 28. Qxg6 b5 29.
Qxh5 Qd7 30. Ng4 Qd1+ 31. Kh2 Qd7 32. Qg5 Qd6 33. Ne3 Nb3 34. Bxb3 axb3 35. Qxg7+ Kxg7 36. Nf5+ Kf6 37. Nxd6 Ke6 38. Nb7 Kd7 39. Nc5+ Kc7 40.
Nxb3 Kb6 41. h4 c5 42. h5 c4 43. Nd2 Ka5 44. h6 b4 45. axb4+ Ka4 46. h7 1-0

[Event "Early-Titled-Tuesday-Blitz-May-07-2024"]
[Site "Chess.com"]
[Date "2024.05.07"]
[Round "9"]
[White "andriipalchuk"]
[Black "Strong_Prodigy"]
[Result "1-0"]
[WhiteElo "2625"]
[BlackElo "2496"]
[TimeControl "180+1"]
[EndTime "9:52:25 PDT"]
[Termination "andriipalchuk won by checkmate"]

1. d4 Nf6 2. c4 e6 3. Nf3 d5 4. g3 dxc4 5. Bg2 Bb4+ 6. Bd2 c5 7. O-O O-O 8. Bxb4 cxb4 9. Ne5 Nc6 10. e3 Nxe5 11. dxe5 Nd5 12. Qd4 b5 13. Nd2 Bb7 14. Ne4 Ne7 15. Qc5 Bxe4 16. Bxe4 Nd5 17. Rfd1 Qb6 18.
Qd4 Rfd8 19. Bf3 Qc7 20. Qe4 Nb6 21. h4 Rxd1+ 22. Rxd1 Rd8 23. Rc1 a5 24. h5 h6 25.
g4 a4 26. Qf4 b3 27. a3 Nd5 28. Qe4 Qc5 29. Rd1 Qe7 30. Qd4 Kf8 31. e4 Ke8 32. exd5 exd5 33. Bxd5 Qd7 34. Bc6 Qxc6 35. Qxd8# 1-0

[Event "Early-Titled-Tuesday-Blitz-May-07-2024"]
[Site "Chess.com"]
[Date "2024.05.07"]
[Round "9"]
[White "only_strong_moves"]
[Black "MFatigue"]
[Result "1-0"]
[WhiteElo "2710"]
[BlackElo "2516"]
[TimeControl "180+1"]
[EndTime "9:52:28 PDT"]
[Termination "only_strong_moves won by resignation"]

1. Nc3 d5 2. e4 e6 3. d4 Nf6 4.
e5 Nfd7 5. Nce2 c5 6. c3 Nc6 7.
Nf3 Qb6 8. Nf4 Be7 9. a3 cxd4 10.
cxd4 Na5 11. Be3 Qb3 12. Bd3 Qxd1+ 13. Rxd1 Nb6 14. O-O Bd7 15. Rc1 O-O 16. Bd2 Nac4 17. Bc3 Rfc8 18. Rc2 Na4 19. Rfc1 Nxc3 20. Bxc4 Rxc4 21.
Rxc3 Rac8 22. Rxc4 Rxc4 23. Rxc4 dxc4 24. Ne2 b5 25. Nd2 Bc6 26. f3 f6 27. exf6 gxf6 28. Kf2 Kf7 29. Ke3 e5 30. g3 Ke6 31. Ne4 a5 32. g4 b4 33. axb4 axb4 34. f4 exf4+ 35. Nxf4+ Kd7 36. d5 Bb5 37. Kd4 Bd6 38. Ne6 Be5+ 39.
Kc5 Ba6 40. Kxb4 Bxb2 41. N6c5+ Ke7 42. d6+ Kd8 43. Nxa6 Be5 44. Kxc4 Bxh2 45. Kd5 Ke8 46.
Ke6 Bxd6 47. Nxf6+ Kf8 48. Kxd6 Kg7 49. Ke5 Kg6 50. Nxh7 Kxh7 51. Kf5 Kg7 52. Nc5 Kf7 53. Ne6 1-0

[Event "Early-Titled-Tuesday-Blitz-May-07-2024"]
[Site "Chess.com"]
[Date "2024.05.07"]
[Round "9"]
[White "tandaleo"]
[Black "ccccvhhhj"]
[Result "0-1"]
[WhiteElo "2585"]
[BlackElo "2496"]
[TimeControl "180+1"]
[EndTime "9:52:28 PDT"]
[Termination "ccccvhhhj won by checkmate"]

1. e4 e6 2. d3 d5 3. Nd2 Nf6 4.
Ngf3 c5 5. g3 g6 6. Bg2 Bg7 7. O-O O-O 8. Re1 Nc6 9. exd5 exd5 10.
Nf1 h6 11. c3 Be6 12. Bf4 Qd7 13. Ne5 Nxe5 14. Bxe5 Bh3 15. Ne3 Bxg2 16. Kxg2 d4 17. cxd4 cxd4 18. Nc4 Rfe8 19. Qf3 Re6 20. Bxf6 Rxf6 21.
Qe4 Re6 22. Qg4 Rae8 23. Rxe6 Rxe6 24. Rc1 h5 25. Qf3 Rf6 26. Qe4 Re6 27. Qf4 Rf6 28. Qd2 Qd5+ 29. Kg1 h4 30. gxh4 Qf3 31. Ne5 Qf5 32. Qg5 Qxf2+ 33. Kh1 Rf5 34. Qd8+ Kh7 35. Nc4 Qf3+ 36. Kg1 Rf4 37. h3 Qg3+ 38. Kh1 Rf2 39. Qd6 Qg2# 0-1

[Event "Early-Titled-Tuesday-Blitz-May-07-2024"]
[Site "Chess.com"]
[Date "2024.05.07"]
[Round "9"]
[White "AlexeiShirov"]
[Black "vugarrasulov"]
[Result "0-1"]
[WhiteElo "2857"]
[BlackElo "2981"]
[TimeControl "180+1"]
[EndTime "9:52:30 PDT"]
[Termination "vugarrasulov won by resignation"]

1. e4 c5 2. Nf3 d6 3. d4 cxd4 4.
Nxd4 Nf6 5. Nc3 a6 6. Be3 e5 7. Nb3 Be7 8. f3 Be6 9. Qd2 h5 10. Nd5 Bxd5 11. exd5 Nbd7 12. Na5 Qc7 13. a4 O-O 14.
Nc4 b5 15. Na3 bxa4 16. Bc4 e4 17. O-O exf3 18. gxf3 Rab8 19. Rab1 Rfe8 20. Kh1 Bf8 21. Rg1 Nb6 22. Bxa6 Nbxd5 23. Bd4 Qc6 24. Bd3 Nb4 25. Rbf1 Nxd3 26. cxd3 Re6 27. Qg5 Ne8 28. Nc4 Rb5 29. Qd8 Rf5 30. Rg3 Qd5 31. Qh4 Be7 32. Qh3 Bf6 33.
Ne3 Rxe3 34. Bxe3 Qxd3 35. Bh6 Bxb2 36. Rfg1 a3 37. Qh4 Kh7 38. Bg5 Nf6 39. Bf4 g6 40.
Bg5 a2 41. Qa4 Qb1 42. Bxf6 Bxf6 43. Qd7 Bg7 0-1

[Event "Early-Titled-Tuesday-Blitz-May-07-2024"]
[Site "Chess.com"]
[Date "2024.05.07"]
[Round "9"]
[White "viktorskliarov"]
[Black "MatthewG-p4p"]
[Result "1-0"]
[WhiteElo "2682"]
[BlackElo "2870"]
[TimeControl "180+1"]
[EndTime "9:52:30 PDT"]
[Termination "viktorskliarov won by resignation"]

1. e4 e6 2. d4 d5 3. e5 c5 4. c3 Qb6 5. Nf3 Nc6 6. a3 Nh6 7. b4 cxd4 8. Bxh6 gxh6 9. cxd4 Bd7 10. Be2 Rg8 11. O-O Rg4 12. h3 Rxd4 13. Nxd4 Qxd4 14. Qxd4 Nxd4 15. Bh5 a5 16. Nc3 Rc8 17. Ne2 Nb3 18. Ra2 a4 19. f4 Rc4 20. f5 Bg7 21. fxe6 Bxe6 22. Nf4 Rxf4 23. Rxf4 Bxe5 24. Re2 Bxf4 25. Rxe6+ Kd7 26. Bxf7 Bc1 27. Re5 Bxa3 28. Rxd5+ Ke7 29.
Bg8 Bb2 30. Rb5 b6 31. Kh1 Bd4 32. Rd5 Kf6 33. Rd7 Ke5 34. Rxh7 a3 35. Bxb3 Bc3 36. Rxh6 Bxb4 37. Rxb6 Bf8 38. Ra6 Kd4 39. g4 1-0

[Event "Early-Titled-Tuesday-Blitz-May-07-2024"]
[Site "Chess.com"]
[Date "2024.05.07"]
[Round "9"]
[White "shirovin"]
[Black "NMChessToImpress"]
[Result "0-1"]
[WhiteElo "2081"]
[BlackElo "2264"]
[TimeControl "180+1"]
[EndTime "9:52:30 PDT"]
[Termination "NMChessToImpress won by resignation"]

1. e4 e6 2. d4 d5 3. Nd2 Be7 4. Ngf3 Nf6 5. e5 Nfd7 6. Bd3 c5 7. c3 Nc6 8. O-O a5 9. a3 cxd4 10. cxd4 g5 11. h3 h5 12. g4 hxg4 13. hxg4 Qb6 14. Qb3 Nxd4 15. Qxb6 Nxf3+ 16. Nxf3 Nxb6 17. Bxg5 Rg8 18. Bxe7 Rxg4+ 19. Kh2 Kxe7 20. Rg1 Rxg1 21. Rxg1 Bd7 22.
Rg7 Rh8+ 23. Kg3 Kf8 24. Rg5 Rg8 25. Kf4 Rxg5 26. Kxg5 Ke7 27. Nd4 Na4 28. b3 Nc5 29. b4 Nxd3 30. f4 axb4 31. axb4 Nxb4 32. f5 exf5 33.
Kf4 Nc6 34. Nb5 d4 35. Nd6 d3 36. Ke3 Nxe5 37. Nxb7 f4+ 38. Kd2 Bf5 39. Nc5 Nc4+ 40.
Kd1 d2 41. Nb3 Bg4+ 42. Kc2 d1=Q+ 43. Kc3 Qxb3+ 44. Kxb3 f3 45. Kxc4 f2 46. Kd4 f1=Q 47.
Ke3 f5 48. Kd4 f4 49. Ke5 f3 50. Ke4 f2 51. Kd4 Bf3 52. Kc5 Bh1 53. Kb4 Qg2 54. Kc5 f1=Q 55. Kb4 Qge2 56. Kc3 Qfe1+ 57. Kd4 Q1d1+ 58.
Kc3 Qec2+ 0-1

[Event "Early-Titled-Tuesday-Blitz-May-07-2024"]
[Site "Chess.com"]
[Date "2024.05.07"]
[Round "9"]
[White "ScofieldMichael01"]
[Black "Chessbard1972"]
[Result "1-0"]
[WhiteElo "2535"]
[BlackElo "2327"]
[TimeControl "180+1"]
[EndTime "9:52:33 PDT"]
[Termination "ScofieldMichael01 won by resignation"]

1. Nf3 Nf6 2. g3 g6 3. b3 Bg7 4.
Bb2 O-O 5. Bg2 d5 6. c4 c6 7.
O-O a5 8. d3 Na6 9. Nbd2 Nc5 10. Rc1 Ncd7 11. Rc2 a4 12. b4 a3 13. Bc3 Nb6 14.
Qa1 Na4 15. Be5 Be6 16. Nd4 Bg4 17. cxd5 cxd5 18. h3 Bd7 19. Rfc1 Rc8 20. Rxc8 Bxc8 21. Qb1 Bd7 22. Qb3 Ne4 23. Bxg7 Nxd2 24. Qd1 Kxg7 25. Qxd2 e5 26. Nb3 Bc6 27. Na5 Qb6 28. Nxc6 bxc6 29. Qc2 Nb2 30. Qc3 Qd4 31. Qxa3 e4 32. e3 Qf6 33. dxe4 dxe4 34. Bxe4 Re8 35. Bxc6 Rc8 36.
b5 Kg8 37. Qc3 Qxc3 38. Rxc3 Na4 39. Rd3 Kf8 40. Rd4 Nb6 41. a4 Na8 42. a5 Rb8 43.
Bxa8 Rxa8 44. b6 Rxa5 45. b7 Rb5 46. Rd8+ Ke7 47. b8=Q Rxb8 48. Rxb8 h5 49. Rb6 Kd7 50. g4 hxg4 51. hxg4 Ke7 52. g5 1-0

[Event "Early-Titled-Tuesday-Blitz-May-07-2024"]
[Site "Chess.com"]
[Date "2024.05.07"]
[Round "9"]
[White "Chernov_Alexander_A"]
[Black "yonaltimur"]
[Result "1-0"]
[WhiteElo "2264"]
[BlackElo "2365"]
[TimeControl "180+1"]
[EndTime "9:52:33 PDT"]
[Termination "Chernov_Alexander_A won on time"]

1. d4 d5 2. c4 e6 3. Nc3 a6 4. c5 b6 5. cxb6 cxb6 6. Nf3 Nf6 7. Bf4 Bd6 8. Bg3 O-O 9. e3 Bb7 10. Bd3 Nc6 11. O-O Rc8 12. Qe2 Nb4 13. Bb1 Bxg3 14.
hxg3 Qd6 15. a3 Nc6 16. Bd3 b5 17. Rac1 Na5 18. Ne5 Nc4 19. f4 g6 20. g4 Kg7 21.
Kf2 h5 22. g5 Nd7 23. g4 h4 24. Rh1 Rh8 25. Rh3 Ndxe5 26. dxe5 Qd8 27. Rch1 Nxe3 28.
Rxh4 Rxh4 29. Rxh4 d4 30. Ne4 Bxe4 31. Bxe4 Qb6 32.
Bd3 Rc1 33. Qf3 Qa5 34. Qe2 Rf1+ 35. Kg3 1-0